 Dungeon Crawl Stone Soup version 0.31-a0-1237-gabc64e778c (webtiles) character file.

Game seed: 3427692556582732271

135 LeprechaunX the Changeling (level 5, 0/35 HPs)
             Began as an Octopode Shapeshifter on Dec 15, 2023.
             Slain by a gnoll
             ... wielding a +0 club
              (5 damage)
             ... on level 2 of the Dungeon.
             The game lasted 00:01:27 (1103 turns).

LeprechaunX the Changeling (Octopode Shapeshifter)  Turns: 1103, Time: 00:01:28

Health: 0/35       AC:  1    Str: 13    XL:     5   Next: 18%
Magic:  5/5        EV: 13    Int: 13    God:
Gold:   132        SH:  0    Dex: 13    Spells: 4/4 levels left

rFire   . .          .
                       - Unarmed
rCold   . . .        (no shield)
rNeg    . . .        (helmet currently unavailable)
rPois   .            (no amulet)
rElec   .            (no ring)
rCorr   .            (no ring)
SInv    .            (no ring)
Will    .....        (no ring)
Stlth   ++           (no ring)
HPRegen 0.25/turn    (no ring)
MPRegen 0.09/turn    (no ring)
                     (no ring)

%: no passive effects
@: beast-form
A: beast (slay +2), almost no armour, amphibious, 8 rings, camouflage 1,
gelatinous body 1, (nimble swimmer 1), tentacles
a: Begin Untransformation


You were on level 2 of the Dungeon.
You were a hulking beast.
You visited 1 branch of the dungeon, and saw 2 of its levels.

You collected 132 gold pieces.

Inventory:

Hand Weapons
 a - a +0 sling
Talismans
 b - a beast talisman
 c - a flux talisman
Scrolls
 d - a scroll of fog {unknown}
 e - 2 scrolls of identify {unknown}
 f - a scroll of poison {unknown}
 l - a scroll of silence {unknown}
Potions
 g - a potion of heal wounds {unknown}
 h - a potion of curing
 i - 2 potions of degeneration {unknown}
 j - a potion of lignification
 k - a potion of ambrosia {unknown}
 m - a potion of enlightenment {unknown}


   Skills:
 + Level 2.4 Fighting
 - Level 2.0 Dodging
 + Level 3.7 Unarmed Combat
 * Level 4.3 Shapeshifting


You had 4 spell levels left.
You didn't know any spells.
Your spell library was empty.

Dungeon Overview and Level Annotations

Branches:
Dungeon (2/15)

Altars:


Innate Abilities, Weirdness & Mutations

You are a hulking beast.
Your limbs bulge with bestial killing power. (Slay +2)
You cannot wear most types of armour.
You are amphibious.
You can wear up to eight rings at the same time.
Your skin changes colour to match your surroundings (Stealth+).
Your rubbery body absorbs attacks. (AC +1, EV +1)
((You are camouflaged when in or above water. (Stealth+)))
You have tentacles for arms and can constrict up to eight enemies at once.


Message History

An adder comes into view.
Unknown command.
You barely miss the gnoll. You grab the gnoll.
You constrict the gnoll, but do no damage.
The gnoll closely misses you. x2
Unknown command.
You tentacle-slap the gnoll. You squeeze the gnoll.
The gnoll is severely wounded.
You constrict the gnoll. The gnoll hits you with a +0 spear.
The gnoll hits you from afar with a +0 spear.
Unknown command.
You tentacle-slap the gnoll.
You kill the gnoll!
The gnoll hits you with a +0 club! The gnoll barely misses you.
Unknown command.
The gnoll hits you with a +0 club. The gnoll hits you with a +0 spear.
You closely miss the gnoll. You grab the gnoll. Your squeeze misses the gnoll.
You constrict the gnoll. The adder misses you.
The gnoll hits you with a +0 club.
* * * LOW HITPOINT WARNING * * *
The gnoll hits you with a +0 spear.
* * * LOW HITPOINT WARNING * * *
Unknown command.
You tentacle-slap the gnoll. You squeeze the gnoll.
The gnoll is heavily wounded.
You constrict the gnoll. The adder bites you.
* * * LOW HITPOINT WARNING * * *
The gnoll closely misses you. The gnoll barely misses you.
Unknown command.
You tentacle-slap the gnoll.
You kill the gnoll!
The adder bites you.
* * * LOW HITPOINT WARNING * * *
You are lethally poisoned!
The adder poisons you! The gnoll hits you with a +0 club.
* * * LOW HITPOINT WARNING * * *
It was a potion of curing.
You feel better. The adder bites you.
* * * LOW HITPOINT WARNING * * *
The gnoll hits you with a +0 club.
You die...

##...#......##.#
#.#......##.#
##.###...##..
##.#.........
##........## ##...###.#
###...# #...g.# #.#)h.#
.......S)....(##########
..8..#...###.[..........
##...##...# ###########
#### #...# #...# #....
....#


You could see a gnoll and an adder.

Vanquished Creatures
  4 gnolls
  5 adders (D:2)
  2 worms (D:2)
  5 endoplasms
  A giant cockroach (D:2)
  3 goblins
  2 hobgoblins
  5 jackals (D:1)
  6 kobolds (D:1)
  2 quokkas
  6 ball pythons
  4 bats
  2 frilled lizards (D:1)
  3 rats
50 creatures vanquished.

Notes
Turn   | Place    | Note
-------+----------+-------------------------------------------
     0 | D:1      | LeprechaunX the Octopode Shapeshifter began the quest for
                  | the Orb.
     0 | D:1      | Reached XP level 1. HP: 13/13 MP: 1/1
    49 | D:1      | Reached XP level 2. HP: 18/18 MP: 2/2
   136 | D:1      | Reached XP level 3. HP: 21/23 MP: 3/3
   567 | D:2      | Reached XP level 4. HP: 17/29 MP: 4/4
   914 | D:2      | Reached skill level 4 in Shapeshifting
   995 | D:2      | Found a faded altar of an unknown god.
  1041 | D:2      | Reached XP level 5. HP: 24/35 MP: 5/5
  1102 | D:2      | HP: 1/35 [gnoll/+0 club (3)]
  1103 | D:2      | Slain by a gnoll

Illustrated notes

Levels and vault maps discovered:
D:1:      dpeg_arrival_refuge, layout_rooms, chequers_arboretum
D:2:      layout_loops_ring, nicolae_ecumenical_snake_handling,
          mrwooster_statue_mirror, minmay_tetromino_o4

Skill      XL: |  1  2  3  4 |
---------------+-------------+-----
Fighting       | 2 |  2.4
Shapeshifting  | 4 |  4.3
Dodging        | |  2.0
Unarmed Combat | |  3.7

Action                     |  1- 3 |  4- 6 || total
---------------------------+-------+-------++-------
  Melee: Unarmed           |    57 |    37 ||    94
         Tentacles         |    17 |     6 ||    23
         Constrict         |    15 |    12 ||    27
         Punch             |     1 |       ||     1
    Use: Potion            |       |     1 ||     1
   Stab: Sleeping          |     4 |       ||     4
         Distracted        |     1 |       ||     1
 Armour: Skin              |    18 |    26 ||    44
  Dodge: Dodged            |    31 |    29 ||    60

Table legend: (Time is in decaauts)
 A = Elapsed time spent in this place.
 B = Non-inter-level travel time spent in this place.
 C = Inter-level travel time spent in this place.
 D = Time resting spent in this place.
 E = Time spent auto-exploring this place.
 F = Levels seen in this place.
 G = Mean time per level.
                   A        B        C        D        E       F      G
               +--------+--------+--------+--------+--------+-----+--------+
         Total |   1096 |   1043 |     53 |     41 |    747 |   2 |  548.0 |
       Dungeon |   1096 |   1043 |     53 |     41 |    747 |   2 |  548.0 |
               +--------+--------+--------+--------+--------+-----+--------+

Top non-repeatable levels by time:
     D:2: 641 daAuts
     D:1: 454 daAuts
